 Dungeon Crawl Stone Soup version 0.19.0-20-gbc5f0c6 (webtiles) character file.

95 Millan the Shield-Bearer (level 4, -9/37 HPs)
             Began as a Formicid Fighter on Nov 17, 2016.
             Mangled by Jessica
             ... wielding a +2 dagger of electrocution
              (18 damage)
             ... on level 2 of the Dungeon.
             The game lasted 00:03:15 (1499 turns).

Millan the Shield-Bearer (Formicid Fighter)         Turns: 1499, Time: 00:03:15

Health: -9/37      AC:  9    Str: 22    XL:     4   Next: 97%
Magic:  4/4        EV:  6    Int:  7    God:
Gold:   52         SH:  9    Dex: 10    Spells: 0 memorised, 3 levels left

rFire  . . .     SeeInvis +     a - +0 war axe
rCold  + . .     Gourm    .     l - +0 chain mail
rNeg   . . .     Faith    .     c - +0 shield
rPois  .         Spirit   .     (helmet unavailable)
rElec  .         Reflect  .     (no cloak)
rCorr  .         Harm     .     (no gloves)
MR     .....                    (no boots)
Stlth  ..........               (no amulet)
                                q - ring of protection from cold
                                g - ring of teleportation (curse)

@: no status effects
A: permanent stasis, dig shafts and tunnels, four strong arms, antennae 3
a: Dig, Shaft Self


You were on level 2 of the Dungeon.
You were not hungry.

You visited 1 branch of the dungeon, and saw 2 of its levels.

You collected 52 gold pieces.

Inventory:

Hand Weapons
 a - a +0 war axe (weapon)
Armour
 c - a +0 shield (worn)
 l - a +0 chain mail (worn)
Jewellery
 g - a cursed ring of teleportation (left hand)
 q - a ring of protection from cold (right hand)
 r - an uncursed ring of flight {unknown}
 s - an uncursed ring of poison resistance {unknown}
Scrolls
 b - a scroll of recharging {unknown}
 h - a scroll of remove curse {unknown}
 i - a scroll of teleportation {unknown}
 j - a scroll of random uselessness {unknown}
 k - a scroll of enchant armour {unknown}
 m - a scroll of enchant weapon {unknown}
Potions
 d - 2 potions of might
 e - a potion of brilliance {unknown}
 n - a potion of degeneration {unknown}
 o - a potion of curing {unknown}
 t - a potion of heal wounds {unknown}
Comestibles
 f - 2 bread rations
 p - a chunk of flesh


   Skills:
 + Level 3.8 Fighting
 * Level 3.3 Axes
 + Level 3.7 Armour
 * Level 4.5 Shields


You had 3 spell levels left.
You didn't know any spells.

Dungeon Overview and Level Annotations

Branches:
Dungeon (2/15)

Altars:
Dithmenos

Annotations:
D:2 Jessica


Innate Abilities, Weirdness & Mutations

You are under a permanent stasis effect.
You can dig through walls and to a lower floor.
Your four strong arms can wield two-handed weapons with a shield.
You have a pair of large antennae on your head. (SInv)


Message History

* * * LOW HITPOINT WARNING * * *
You are too injured to fight recklessly!
You are too injured to fight recklessly!
You are too injured to fight recklessly!
You are too injured to fight recklessly!
You are too injured to fight recklessly!
You are too injured to fight recklessly!
You hit Jessica but do no damage.
Jessica mumbles some strange words.
Jessica blinks!
Jessica mumbles some strange words.
Jessica blinks!
You closely miss Jessica.
You feel sick.
You are no longer poisoned.
You block Jessica's attack.
Your shield and chain mail prevent you from hitting Jessica.
Jessica hits you with a dagger of electrocution.
* * * LOW HITPOINT WARNING * * *
Jessica hits you but does no damage.
You are electrocuted!
You die...

.# #.##.##
#..#..#......# #.....
#..#........... .....#
..........#...# #.#..#
#....)......... #.#..#
#.........#..## ^.#..#
#..>........... .....#
.#......@.§.....
.)...##.........@.##.?#
.<†.....#.............#
.....##..........###....
##.#.# #.#######<# .##
##.#.# #.# #.# ##.#.#
#.# #.#
##.#>###.#######.####.#
##.....................#
###........####........


You could see Jessica.

Vanquished Creatures
  2 adders (D:2)
  4 gnolls (D:2)
  An ooze (D:1)
  A dart slug (D:1)
  3 bats
  3 giant cockroaches
  A goblin (D:1)
  5 hobgoblins
  A quokka (D:2)
  A ball python (D:2)
  A frilled lizard (D:2)
  9 kobolds
  6 rats
38 creatures vanquished.

Notes
Turn   | Place    | Note
-------+----------+-------------------------------------------
     0 | D:1      | Millan the Formicid Fighter began the quest for the Orb.
     0 | D:1      | Reached XP level 1. HP: 18/18 MP: 1/1
   150 | D:1      | Reached XP level 2. HP: 24/24 MP: 2/2
   176 | D:1      | Reached skill level 4 in Shields
   912 | D:2      | Reached XP level 3. HP: 28/29 MP: 3/3
   980 | D:2      | Reached XP level 4. HP: 26/37 MP: 4/4
  1256 | D:2      | Found a shadowy altar of Dithmenos.
  1480 | D:2      | Noticed Jessica
  1499 | D:2      | Mangled by Jessica

Skill      XL: |  1  2  3  4 |
---------------+-------------+-----
Shields        | 4 |  4.5
Axes           | 3 |  3.3
Fighting       | |  3.8
Armour         | |  3.7

Action                   |  1- 3 |  4- 6 || total
-------------------------+-------+-------++-------
Melee: War axe           |    66 |    49 ||   115
  Eat: Chunk             |       |     2 ||     2
Armor: Scale mail        |    16 |       ||    16
       Chain mail        |     3 |    34 ||    37
Dodge: Dodged            |    25 |    13 ||    38
Block: Shield            |    34 |    24 ||    58
